 Dungeon Crawl Stone Soup version 0.22-a0-443-g17c3723 (webtiles) character file.

20 DrEnzyme the Cudgeler (level 2, 0/18 HPs)
             Began as an Octopode Wanderer on May 31, 2018.
             Slain by a worm (12 damage)
             ... on level 1 of the Dungeon.
             The game lasted 00:05:21 (1004 turns).

DrEnzyme the Cudgeler (Octopode Wanderer)           Turns: 1004, Time: 00:05:22

Health: 0/18       AC:  1    Str: 10    XL:     2   Next: 79%
Magic:  3/3        EV: 12    Int: 12    God:
Gold:   36         SH:  0    Dex: 14    Spells: 3/3 levels left

rFire    . . .     SeeInvis .   a - +2 mace
rCold    . . .     Gourm    .   (no shield)
rNeg     . . .     Faith    .   (helmet restricted)
rPois    .         Spirit   .   (no amulet)
rElec    .         Reflect  .   (no ring)
rCorr    .         Harm     .   (no ring)
MR       .....                  (no ring)
Stlth    ++........             (no ring)
HPRegen  0.06/turn              (no ring)
MPRegen  0.08/turn              (no ring)
                                (no ring)
                                (no ring)

@: no status effects
A: almost no armour, stealthy swim, amphibious, 8 rings, constrict 8, camouflage
1, gelatinous body 1
a: no special abilities


You were on level 1 of the Dungeon.
You were not hungry.

You visited 1 branch of the dungeon, and saw 2 of its levels.

You collected 36 gold pieces.

Inventory:

Hand Weapons
 a - a +2 mace (weapon)
 b - a +0 dagger
Missiles
 l - 8 stones (quivered)
Scrolls
 f - a scroll of enchant armour {unknown}
 h - a scroll of amnesia {unknown}
 i - a scroll of identify {unknown}
 j - a scroll of immolation {unknown}
Potions
 e - a potion of brilliance {unknown}
 g - 2 potions of lignification
 k - a potion of agility {unknown}
Comestibles
 c - 4 rations
 d - 2 chunks of flesh


   Skills:
 * Level 1.0 Fighting
 + Level 4.5 Maces & Flails
 + Level 2.3 Throwing
 + Level 1.1 Spellcasting
   Level 2.0 Air Magic


You had 3 spell levels left.
You didn't know any spells.
Your spell library was empty.

Dungeon Overview and Level Annotations

Branches:
Dungeon (2/15)

Altars:

Annotations:
D:1 exclusion: gnoll


Innate Abilities, Weirdness & Mutations

You cannot wear most types of armour.
You are very stealthy in the water. (Stealth+)
You are amphibious.
You can wear up to eight rings at the same time.
You can use your tentacles to constrict eight enemies at once.
Your skin changes colour to match your surroundings (Stealth+).
Your rubbery body absorbs attacks. (AC +1, EV +1)


Message History

Press: ? - help, Shift-Dir - straight line, f/p - worm
Aim: a worm You throw a stone.
The stone hits the worm.
The worm is lightly wounded.
Throwing (i - inventory)
l - 9 stones (quivered)
Press: ? - help, Shift-Dir - straight line, f/p - worm
Aim: a worm You throw a stone.
The stone hits the worm but does no damage.
You climb upwards.
Level annotation: exclusion: gnoll
There is a stone staircase leading down here.
You hit the worm. You grab the worm.
The worm is lightly wounded.
You constrict the worm. The worm bites you.
You hit the worm.
The worm is heavily wounded.
You constrict the worm. The worm bites you!
Ouch! That really hurt!
You die...

......######.........#....#
..#.### #####.###......# ..#.#
#..###.....# ....# #...##.....#
...## ##..........## #.##
###............##
..###########.....###....#..#####
...............w.................
..#########..##.@.#####.....###.#
..########.......## ####..# .#
#...##......###.## #..###..
###....###.## #.# #..#...
##...#.....# #.# #....##.
...###....## #.# ##......
...##..##.## #.# #########..###.
##.##.###..####.###..............
##.##...............######...###.


You could see a worm.

Vanquished Creatures
  2 giant cockroaches (D:1)
  3 goblins (D:1)
  3 hobgoblins (D:1)
  2 jackals (D:1)
  3 bats (D:1)
  A frilled lizard (D:1)
  3 kobolds (D:1)
  A rat (D:1)
18 creatures vanquished.

Notes
Turn   | Place    | Note
-------+----------+-------------------------------------------
     0 | D:1      | DrEnzyme the Octopode Wanderer began the quest for the Orb.
     0 | D:1      | DrEnzyme set off with: a +2 mace, 2 potions of lignification, a ration
     0 | D:1      | Reached XP level 1. HP: 13/13 MP: 2/2
   287 | D:1      | Reached XP level 2. HP: 13/18 MP: 3/3
  1004 | D:1      | Slain by a worm

Vault maps used:
D:1:      minmay_arrival_semitransparent
D:2:      first_ration, minmay_misc_feat_square, palyth_stone_intersect,
          cheibriados_altar_1

Action                   || total
-------------------------++-------
Melee: Mace              ||    35
       Constrict         ||    10
       Tentacles         ||     1
Throw: Stone             ||     4
 Stab: Sleeping          ||     1
Armor: Skin              ||     2
Dodge: Dodged            ||    13

Table legend:
 A = Spawn XP
 B = Non-spawn XP
 C = Spawn XP percentage of total XP
 D = Spawn monster count
 E = Non-spawn monster count
 F = Spawn count percentage of total count
 G = Total turns spent on level
                    A         B        C        D         E        F      G
               +---------+---------+-------+---------+---------+-------+---------
         Total |       0 |      29 |   0.0 |       0 |      18 |   0.0 |  1004
               +---------+---------+-------+---------+---------+-------+---------
           D:1 |       0 |      29 |   0.0 |       0 |      18 |   0.0 |   954
               +---------+---------+-------+---------+---------+-------+---------
